AoeStats
← Legolas

MegaRandom

509032341Analyzed
2v2 RM · 8d ago on Sep 25, 2026· 22m 3s· 4 players
Game mode
Random Map
Map size
Medium (4 player)
Population
200
Speed
Normal
Resources
Standard
Victory
Conquest
Starting age
Dark Age
Ending age
Imperial Age
RankedLock teamsTeams togetherTeam positionsShared explorationLock speedFull tech treeHidden civsTurbo modeCheats
Victory
Defeat
🇨🇳 Magyars · China
946
+16
🇨🇳 Italians · China
911
+18
🇨🇭 Malians · Switzerland
980
-18
🇨🇴 Armenians · Colombia
915
-16
挥舞的指甲刀
3:32 Loom
10:27 Feudal Age
15:47 Castle Age
15:27 Gold Mining
15:27 Double-Bit Axe
15:26 Horse Collar
猫咪先生
5:30 Loom
13:40 Feudal Age
14:15 Double-Bit Axe
21:01 Castle Age
21:12 Horse Collar
Legolas
12:12 Feudal Age
11:46 Loom
12:21 Man-at-Arms
13:49 Double-Bit Axe
14:28 Long Swordsman
17:50 Scale Mail Armor
19:31 Arson
20:20 Forging
Sampling
9:34 Feudal Age
10:29 Double-Bit Axe
10:25 Horse Collar
18:11 Castle Age
16:35 Gold Mining
16:40 Stone Mining
18:00 Wheelbarrow
17:11 Loom
19:37 Bow Saw
Connection lost

Rejoining the realm…

Still unreachable

The connection could not be restored.

Session expired

The server has moved on; the page needs a fresh start.